 Dungeon Crawl Stone Soup version 0.14-a0-1721-g84c87b2 (webtiles) character file.

198 Kae the Insei (level 4, -13/35 HPs)
             Began as a Draconian Transmuter on Jan 2, 2014.
             Blown up by Ijyb (15 damage)
             ... with a wand of disintegration
             ... on Level 3 of the Dungeon.
             The game lasted 00:03:12 (2349 turns).

Kae the Insei (Draconian Transmuter)                Turns: 2349, Time: 00:03:12

HP -13/35        AC  6     Str 12      XL: 4   Next: 15%
MP   7/7         EV 12     Int 14      God:
Gold 120         SH  0     Dex 10 (12) Spells:  1 memorised,  6 levels left

rFire  . . .     SeeInvis .       - Unarmed
rCold  . . .     Clarity  .     (armour unavailable)
rNeg   . . .     Conserve .     (no shield)
rPois  .         rCorr    .     (helmet restricted)
rElec  .         rRot     .     k - +0 elf cloak
SustAb . .       Spirit   .     (no gloves)
rMut   .         Warding  .     (no boots)
Saprov . . .     Stasis   .     (no amulet)
                                (no ring)
                                (no ring)

@: slightly resistant to hostile enchantments, unstealthy
A: unfitting armour, AC +5
a: no special abilities


You were on level 3 of the Dungeon.
You were hungry.

You visited 1 branch of the dungeon, and saw 3 of its levels.

You collected 120 gold pieces.

Inventory:

Missiles
 b - 63 arrows
Armour
 k - a +0 elven cloak (worn)
Magical devices
 m - a wand of magic darts (2)
Comestibles
 a - 5 bread rations
 c - 3 meat rations
 i - 2 pears
Scrolls
 e - 2 scrolls of random uselessness {unknown}
 f - a scroll of enchant armour {unknown}
 g - a scroll of amnesia {unknown}
 h - 2 scrolls of identify {unknown}
 l - a scroll of recharging {unknown}
Potions
 j - 2 potions of heal wounds
Books
 d - a book of Changes

   Spells                             Type                      Level
   *Beastly Appendage                 Transmutation                1
   Sticks to Snakes                   Transmutation                2
   Spider Form                        Transmutation/Poison         3
   Ice Form                           Ice/Transmutation            4
   Blade Hands                        Transmutation                5


   Skills:
 - Level 1.1 Fighting
 - Level 1.7 Dodging
 * Level 4.4 Unarmed Combat
 - Level 2.0 Spellcasting
 + Level 3.1 Transmutations


You had 6 spell levels left.
You knew the following spells:

 Your Spells              Type           Power        Failure   Level  Hunger
a - Beastly Appendage     Trmt           ##....       10%         1    ##.....


Dungeon Overview and Level Annotations

Branches:
Dungeon (3/16)

Altars:

Annotations:
D:3 Ijyb; Mitsuki's ghost, weakling LOTm


Message History

Ijyb is nearby!
You spend a moment contemplating the meaning of life.
Ijyb is nearby!
You spend a moment contemplating the meaning of life.
Ijyb is nearby!
You spend a moment contemplating the meaning of life.
Ijyb is nearby!
Ijyb zaps a wand.
You strain under the huge effort it takes to resist.
A quokka comes into view.
Ijyb zaps a wand.
You are blasted!
Found a scroll labeled QUELEMM ATEIGU.
Mitsuki's ghost turns its malevolent gaze towards you.
Ijyb zaps a wand.
You are blasted!
Found a trident.
There is an open door here.
Ijyb zaps a wand.
You are blasted!
* * * LOW HITPOINT WARNING * * *
Ijyb zaps a wand.
You are blasted!
You die...

.....# .'?.....# .....# #p..r..#
.....# #....g%# .....# #......#
...%.# #......# ###'## #'# ###.#
#.# #...# #.# #.##### #@#
......### #.# ##########
........### ##.# #.........
......#...#####..##### #.<.......
....).###............###.........
...@..# #######.####...'.........
......# #.# #####.....<...
......# #######.# #.........
......###.....### #.........


You could see Ijyb and a quokka.

Vanquished Creatures
  Terence (D:3)
  2 adders (D:2)
  A giant gecko (D:1)
  7 hobgoblins
  6 jackals
  3 bats
  2 giant newts
  10 goblins
  10 kobolds
  7 rats
49 creatures vanquished.

Notes
Turn   | Place    | Note
--------------------------------------------------------------
     0 | D:1      | Kae, the Draconian Transmuter, began the quest for the Orb.
     0 | D:1      | Reached XP level 1. HP: 16/16 MP: 3/3
   552 | D:1      | Reached XP level 2. HP: 12/23 MP: 4/4
   992 | D:2      | Reached XP level 3. HP: 8/28 MP: 4/6
  1142 | D:2      | Reached skill level 4 in Unarmed Combat
  1769 | D:3      | Noticed Terence
  1841 | D:3      | Noticed Mitsuki's ghost (weakling LOTm)
  2157 | D:3      | Killed Terence
  2157 | D:3      | Reached XP level 4. HP: 10/35 MP: 7/7
  2343 | D:3      | Noticed Ijyb
  2348 | D:3      | HP: 1/35 [disintegration (16)]
  2349 | D:3      | Blown up by Ijyb

Action                   |  1- 3 |  4- 6 || total
-------------------------+-------+-------++-------
Melee: Unarmed           |   179 |     4 ||   183
 Cast: Beastly Appendage |    20 |     2 ||    22
  Use: Potion            |     4 |       ||     4
